 Dungeon Crawl Stone Soup version 0.30-a0-1074-g5db6f66fbb (webtiles) character file.

Game seed: 11129768470088016314

156 Crownlay the Digger (level 5, -1/28 HPs)
             Began as a Gargoyle Earth Elementalist on Apr 10, 2023.
             Was a Believer of Vehumet.
             Slain by Blork the orc
             ... wielding a +1 dire flail of protection
              (8 damage)
             ... on level 4 of the Dungeon on Apr 13, 2023.
             The game lasted 00:06:41 (2907 turns).

Crownlay the Digger (Gargoyle Earth Elementalist)   Turns: 2907, Time: 00:06:41

Health: -1/28      AC:  7    Str: 11    XL:     5   Next: 38%
Magic:  2/8        EV: 11    Int: 18    God:    Vehumet [**....]
Gold:   282        SH:  0    Dex: 10    Spells: 4/8 levels left

rFire   . . .      SeeInvis .    c - +0 whip
rCold   . . .      Faith    .    (no shield)
rNeg    + . .      Spirit   .    a - +0 robe
rPois   ∞          Reflect  .    r - +0 helmet
rElec   +          Rampage  .    (no cloak)
rCorr   .                        (no gloves)
Will    .....                    (no boots)
Stlth   ++                       x - amulet of magic regeneration
HPRegen 0.24/turn                (no ring)
MPRegen 0.51/turn                (no ring)

@: no status effects
A: sickness immunity, AC +4, negative energy resistance 1, electricity
resistance, torment resistance 1, petrification resistance
a: Renounce Religion


You were on level 4 of the Dungeon.
You worshipped Vehumet.
Vehumet was pleased with you.
You visited 1 branch of the dungeon, and saw 4 of its levels.

You collected 282 gold pieces.

Inventory:

Hand Weapons
 c - a +0 whip (weapon)
Armour
 a - a +0 robe (worn)
 r - a +0 helmet (worn)
Jewellery
 h - a ring of ice
 s - a ring of fire
 x - an amulet of magic regeneration (around neck)
Wands
 t - a wand of flame (15)
Scrolls
 e - 3 scrolls of noise
 f - a scroll of enchant weapon {unknown}
 i - a scroll of amnesia {unknown}
 k - 2 scrolls of teleportation {unknown}
 m - a scroll of immolation {unknown}
 p - a scroll of fog {unknown}
 q - a scroll of fear {unknown}
 w - a scroll of vulnerability {unknown}
 y - 4 scrolls of identify {unknown}
 z - a scroll of poison {unknown}
Potions
 b - a potion of magic
 d - 2 potions of berserk rage {unknown}
 g - a potion of resistance {unknown}
 j - a potion of invisibility {unknown}
 l - a potion of haste
 n - 5 potions of curing {unknown}
 o - a potion of might {unknown}
 u - a potion of degeneration {unknown}
 v - a potion of heal wounds {unknown}


   Skills:
 - Level 1.5 Dodging
 - Level 2.1 Stealth
 - Level 2.0 Spellcasting
 - Level 0.7 Transmutations
 * Level 7.1 Earth Magic


You had 4 spell levels left.
You knew the following spells:

 Your Spells              Type           Power      Damage    Failure   Level
a - Sandblast             Erth           54%        2d13      1%          1
b - Stone Arrow           Conj/Erth      28%        3d8       13%         3

Your spell library contained the following spells:

 Spells                   Type           Power      Damage    Failure   Level
 Static Discharge         Conj/Air       2%         2-3/arc   26%         2
 Passwall                 Tmut/Erth      12%        N/A       5%          2
 Magic Dart               Conj           4%         1d3       19%         1
 Searing Ray              Conj           2%         2d4       26%         2
 Petrify                  Tmut/Erth      15%        N/A       34%         4
 Fulminant Prism          Conj/Hex       0%         3d5       87%         4


Dungeon Overview and Level Annotations

Branches:
Dungeon (4/15)
 Temple: D:4-7

Altars:
Vehumet

Annotations:
D:4 Blork the orc


Innate Abilities, Weirdness & Mutations

You are immune to sickness and miasma.
Your stone body is resilient. (AC +4)
You are immune to poison.
You resist negative energy. (rN+)
You are resistant to electric shocks. (rElec)
You are resistant to unholy torment.
You are immune to petrification.


Message History

The blast of sand hits Blork the orc!
Blork the orc is moderately wounded.
Blork the orc shouts!
The blast of sand hits Blork the orc but does no damage.
Blork the orc is moderately wounded.
Blork the orc casts a spell at you. The magic dart hits you.
The blast of sand hits Blork the orc.
Blork the orc is heavily wounded.
Blork the orc hits you with a +1 dire flail of protection!
Ouch! That really hurt!
You are too injured to fight recklessly!
Casting: Sandblast (safe; 1% risk of failure)
Confirm with . or Enter, or press ? or * to list all spells.
Aiming: Stone Arrow (quite dangerous; 13% risk of failure)
Press: ? - help, Shift-Dir - straight line, f/p - Blork the orc
Aim: Blork the orc, wielding a +1 dire flail of protection, wearing a +0 robe and carrying a wand of flame (9) (heavily wounded, 72% to hit)
The stone arrow hits Blork the orc.
Blork the orc is severely wounded.
Blork the orc hits you with a +1 dire flail of protection!
* * * LOW HITPOINT WARNING * * *
Casting: Stone Arrow (quite dangerous; 13% risk of failure)
Confirm with . or Enter, or press ? or * to list all spells.
Aiming: Stone Arrow (quite dangerous; 13% risk of failure)
Press: ? - help, Shift-Dir - straight line, f/p - Blork the orc
Aim: Blork the orc, wielding a +1 dire flail of protection, wearing a +0 robe and carrying a wand of flame (9) (severely wounded, 72% to hit)
The stone arrow misses Blork the orc.
Blork the orc barely misses you.
Casting: Stone Arrow (quite dangerous; 13% risk of failure)
Confirm with . or Enter, or press ? or * to list all spells.
You don't have enough magic to cast this spell.
Unknown command.
Casting: Stone Arrow (quite dangerous; 13% risk of failure)
Confirm with . or Enter, or press ? or * to list all spells.
Aiming: Sandblast (safe; 1% risk of failure)
Press: ? - help, Shift-Dir - straight line, f/p - Blork the orc
Aim: Blork the orc, wielding a +1 dire flail of protection, wearing a +0 robe and carrying a wand of flame (9) (severely wounded, 85% to hit)
The blast of sand hits Blork the orc but does no damage.
Blork the orc is severely wounded.
Blork the orc hits you with a +1 dire flail of protection!
You die...

.###### #.. ...... ♣.♣
## #...######.##### ..
#...##...♣.♣.... #.
#...##.#......## #..
#......#.♣.♣#.## #..#
#.#.##.#.#.##.#.
#...###..##.#.♣.♣#.#.
###...@#...##.#...##.#.
......o........#.####.#<
.####.####^#####.####.#.
.<. .....†......... ...
..###########.. .....
.... ........) ..## ##..
....####. .. ...
......... ... ...#.###


You could see Blork the orc.

Vanquished Creatures
  Robin (D:4)
  6 adders
  A gnoll (D:3)
  A worm (D:3)
  3 dart slugs
  6 endoplasms
  A giant cockroach (D:2)
  13 goblins
  8 hobgoblins
  6 quokkas
  9 ball pythons
  3 bats (D:3)
  4 frilled lizards
  5 kobolds
  2 rats (D:1)
69 creatures vanquished.

Vanquished Creatures (others)
  3 toadstools (D:2)
3 creatures vanquished.

Grand Total: 72 creatures vanquished

Notes
Turn   | Place    | Note
-------+----------+-------------------------------------------
     0 | D:1      | Crownlay the Gargoyle Earth Elementalist began the quest
                  | for the Orb.
     0 | D:1      | Reached XP level 1. HP: 10/10 MP: 3/3
   165 | D:1      | Reached skill level 4 in Earth Magic
   270 | D:1      | Reached XP level 2. HP: 9/15 MP: 1/5
   930 | D:2      | Found a faded altar of an unknown god.
   961 | D:2      | Prayed at the altar of an unknown god.
   961 | D:2      | Became a worshipper of Vehumet
   961 | D:2      | Reached * piety under Vehumet
   961 | D:2      | Offered knowledge of Freeze by Vehumet.
   962 | D:2      | Upgraded the game from 0.30-a0-1050-g2766ea1e55 to
                  | 0.30-a0-1066-g63dfefce0d
   979 | D:2      | Reached skill level 5 in Earth Magic
   979 | D:2      | Reached XP level 3. HP: 19/19 MP: 6/6
  1218 | D:2      | Reached XP level 4. HP: 24/24 MP: 3/7
  1860 | D:3      | Reached skill level 6 in Earth Magic
  1884 | D:3      | Offered knowledge of Shock by Vehumet.
  1963 | D:3      | Reached ** piety under Vehumet
  2234 | D:3      | Learned a level 3 spell: Stone Arrow
  2307 | D:3      | Reached XP level 5. HP: 28/28 MP: 8/8
  2377 | D:3      | Upgraded the game from 0.30-a0-1066-g63dfefce0d to
                  | 0.30-a0-1074-g5db6f66fbb
  2733 | D:4      | Noticed Robin
  2748 | D:4      | Killed Robin
  2749 | D:4      | Reached skill level 7 in Earth Magic
  2867 | D:4      | Offered knowledge of Static Discharge by Vehumet.
  2901 | D:4      | Noticed Blork the orc
  2907 | D:4      | Slain by Blork the orc

Illustrated notes

Levels and vault maps discovered:
D:1:      saegor_arrival_simple_b, layout_basic
D:2:      layout_basic, shapermc_ecumenical_altar_rom_forum,
          minmay_gold_behind_fungi
D:3:      layout_basic, minmay_misc_feat_rugged, minmay_pentomino_pile
D:4:      layout_basic, serial_shops, nicolae_shop_advertising_works
          [nicolae_subvault_shop_adworks], serial_forest,
          infiniplex_forest_lined_4_way, infiniplex_forest_straight_2,
          infiniplex_forest_lined_2, infiniplex_forest_straight_2,
          infiniplex_forest_end_double, infiniplex_forest_lined_2,
          uniq_blork_the_orc, uniq_robin, uniq_eustachio

Skill      XL: |  1  2  3  4  5 |
---------------+----------------+-----
Earth Magic    | 4 5 6 7 |  7.1
Dodging        | |  1.5
Stealth        | |  2.1
Spellcasting   | |  2.0
Transmutations | |  0.7

Action                     |  1- 3 |  4- 6 || total
---------------------------+-------+-------++-------
  Melee: Whip              |     1 |     4 ||     5
   Cast: Sandblast         |    41 |    65 ||   106
         Stone Arrow       |       |     2 ||     2
    Use: Scroll            |       |     1 ||     1
 Armour: Robe              |     4 |    40 ||    44
  Dodge: Dodged            |     2 |    33 ||    35

Table legend: (Time is in decaauts)
 A = Elapsed time spent in this place.
 B = Non-inter-level travel time spent in this place.
 C = Inter-level travel time spent in this place.
 D = Time resting spent in this place.
 E = Time spent auto-exploring this place.
 F = Levels seen in this place.
 G = Mean time per level.
                   A        B        C        D        E       F      G
               +--------+--------+--------+--------+--------+-----+--------+
         Total |   2959 |   2838 |    121 |    100 |   2344 |   4 |  739.8 |
       Dungeon |   2959 |   2838 |    121 |    100 |   2344 |   4 |  739.8 |
               +--------+--------+--------+--------+--------+-----+--------+

Top non-repeatable levels by time:
     D:2: 897 daAuts
     D:1: 856 daAuts
     D:3: 773 daAuts
     D:4: 431 daAuts
